AoeStats
← JarudO

Arabia

509410755Analyzed
1v1 RM · 6d ago on Sep 26, 2026· 63m 30s· 2 players
Game mode
Random Map
Map size
Tiny (2 player)
Population
200
Speed
Normal
Resources
Standard
Victory
Conquest
Starting age
Dark Age
Ending age
Imperial Age
RankedLock teamsTeams togetherTeam positionsShared explorationLock speedFull tech treeHidden civsTurbo modeCheats
Victory
Defeat
🇩🇪 Saxons · Germany
1139
+17
🇹🇷 Gurjaras · Türkiye
1160
-17
JarudO
6:45 Loom
6:51 Loom
9:58 Feudal Age
15:18 Castle Age
15:15 Double-Bit Axe
18:24 Scale Mail Armor
31:30 Fletching
31:56 Chain Mail Armor
41:19 Imperial Age
40:41 Bodkin Arrow
40:58 Forging
Enkidu
6:03 Loom
8:58 Feudal Age
11:29 Double-Bit Axe
14:02 Horse Collar
14:17 Fletching
19:44 Castle Age
19:26 Stone Mining
19:07 Man-at-Arms
19:45 Gold Mining
20:19 Long Swordsman
24:25 Bow Saw
30:41 Bodkin Arrow
31:45 Forging
40:02 Imperial Age
37:56 Scale Mail Armor
43:52 Iron Casting
44:17 Wheelbarrow
46:46 Bloodlines
46:37 Husbandry
50:51 Scale Barding Armor
52:14 Hand Cart
52:35 Chain Barding Armor
53:26 Light Cavalry
57:26 Gold Shaft Mining
59:36 Chemistry
62:20 Stone Shaft Mining
Connection lost

Rejoining the realm…

Still unreachable

The connection could not be restored.

Session expired

The server has moved on; the page needs a fresh start.